 Dungeon Crawl Stone Soup version 0.22-a0-159-g7ce444f (webtiles) character file.

22 4thArraOfDagon the Charlatan (level 2, -1/12 HPs)
             Began as a Felid Artificer on Feb 9, 2018.
             Slain by an adder (5 damage)
             ... on level 3 of the Dungeon.
             The game lasted 00:02:02 (501 turns).

4thArraOfDagon the Charlatan (Felid Artificer)       Turns: 501, Time: 00:02:03

Health: -1/12      AC:  1    Str:  8    XL:     2   Next: 68%
Magic:  5/5        EV: 18    Int: 12    God:
Gold:   28         SH:  0    Dex: 16    Spells: 1/1 levels left
                                        Lives:  0   Deaths: 0

rFire    . . .     SeeInvis +     - Unarmed
rCold    . . .     Gourm    .   (shield unavailable)
rNeg     . . .     Faith    .   (armour unavailable)
rPois    .         Spirit   .   (helmet unavailable)
rElec    .         Reflect  .   (cloak unavailable)
rCorr    .         Harm     .   (gloves unavailable)
MR       .....                  (boots unavailable)
Stlth    +++.......             (no amulet)
HPRegen  0.04/turn              (no ring)
MPRegen  0.09/turn              (no ring)

@: lethally poisoned (-1 -> -6), quick
A: very small, no armour, no weapons or thrown items, stealth, claws 1, fangs 3,
see invisible, carnivore, speed 1, shaggy fur 1, slow metabolism 1, sharp paws
a: no special abilities


You were on level 3 of the Dungeon.
You were very full.

You visited 1 branch of the dungeon, and saw 4 of its levels.

You collected 28 gold pieces.

Inventory:

Wands
 a - a wand of flame (7)
 b - a wand of enslavement (15)
 c - a wand of random effects (15)
 k - a wand of iceblast (5)
Scrolls
 f - a scroll of identify {unknown}
 g - a scroll of enchant armour {unknown}
Potions
 e - a potion of cancellation {unknown}
 h - 2 potions of lignification {unknown}
 i - a potion of brilliance {unknown}
Books
 j - a book of Minor Magic

   Spells                             Type                      Level
   a - Magic Dart                     Conjuration                  1
   b - Blink                          Translocation                2
   c - Call Imp                       Summoning                    2
   d - Slow                           Hexes                        2
   e - Conjure Flame                  Conjuration/Fire             3
   f - Mephitic Cloud                 Conjuration/Poison/Air       3
Comestibles
 d - 2 rations


   Skills:
 + Level 1.4 Fighting
 + Level 3.1 Dodging
 + Level 2.1 Stealth
 * Level 1.9 Unarmed Combat
 - Level 3.2 Evocations


You had one spell level left.
You didn't know any spells.

Dungeon Overview and Level Annotations

Branches:
Dungeon (4/15)
 Temple: D:4-7

Altars:
Fedhas
Vehumet
Wu Jian
Xom
Zin


Innate Abilities, Weirdness & Mutations

You cannot wear armour.
You are incapable of wielding weapons or throwing items.
Your paws allow you to move quietly. (Stealth)
You have sharp claws.
You have razor-sharp teeth.
You have supernaturally acute eyesight. (SInv)
You are carnivorous and can eat meat at any time.
You cover ground quickly.
You are covered in fur. (AC +1)
You have a slow metabolism.
Your sharp claws are effective at attacking unaware monsters.


Message History

Evoke which item? (* to show all) (? for menu, Esc to quit)
Aiming: Throw Flame
Press: ? - help, Shift-Dir - straight line, f/p - adder
Aim: an adder The puff of flame misses the adder.
You feel sick. The adder barely misses you.
Unknown command.
Evoke which item? (* to show all) (? for menu, Esc to quit)
Aiming: Throw Flame
Press: ? - help, Shift-Dir - straight line, f/p - adder
Aim: an adder The puff of flame misses the adder.
The adder barely misses you.
Unknown command.
Evoke which item? (* to show all) (? for menu, Esc to quit)
Aiming: Throw Flame
Press: ? - help, Shift-Dir - straight line, f/p - adder
Aim: an adder The puff of flame hits the adder.
The adder is heavily wounded.
You feel sick. The adder bites you. x2
You die... #. #.# PPP.P.

#####. #.##.PPP
..<...####.#..# #.......#
#.###..#######
#######.####.......# #
#.....#.##...†..##.###.
#.####.....#.##.#.##........
#.........S@....#.##........
#b.#...#...#......##........
##.###..######....>..#
...#...#..## #.#######
#...._....# #.#
#..#...#†...... #.#
...###.###..###. #.# .##.
#... ..## #.# # ..... ..#
...


You could see an adder.

Vanquished Creatures
  An adder (D:3)
  A leopard gecko (D:3)
  A giant cockroach (D:2)
  A goblin (D:2)
  3 hobgoblins
  3 frilled lizards
  A kobold (D:3)
  2 rats
13 creatures vanquished.

Notes
Turn   | Place    | Note
-------+----------+-------------------------------------------
     0 | D:1      | 4thArraOfDagon the Felid Artificer began the quest for the Orb.
     0 | D:1      | Reached XP level 1. HP: 9/9 MP: 4/4
     0 | D:1      | bats
   115 | D:2      | Found an ornate altar of the Wu Jian Council.
   300 | D:3      | Reached XP level 2. HP: 11/12 MP: 5/5
   390 | D:4      | Found a shimmering altar of Xom.
   390 | D:4      | Found a glowing silver altar of Zin.
   390 | D:4      | Noticed an angel
   463 | D:3      | Found a blossoming altar of Fedhas.
   482 | D:3      | Found a radiant altar of Vehumet.
   501 | D:3      | Slain by an adder

Vault maps used:
D:1:      dpeg_arrival_tiny_c, serial_curves, eino_curves_04, eino_curves_02
D:2:      overflow_temple_1_default
D:3:      vehumet_crystals, first_ration, kennysheep_nub, fedhas_altar_3
D:4:      corexii_shack_village, grunt_temple_overflow_order_and_chaos_1,
          cheibrodos_ashenzari_chains, overflow_temple_1_default

Skill      XL: |  1 |
---------------+----+-----
Dodging        | 3 |  3.1
Stealth        | 2 |  2.1
Fighting       | |  1.4
Unarmed Combat | |  1.9
Evocations     | |  3.2

Action                   || total
-------------------------++-------
Melee: Unarmed           ||    27
       Bite              ||     1
Evoke: Wand              ||     8
 Stab: Sleeping          ||     5
  Eat: Chunk             ||     4
Armor: Skin              ||     1
Dodge: Dodged            ||    22

Table legend:
 A = Spawn XP
 B = Non-spawn XP
 C = Spawn XP percentage of total XP
 D = Spawn monster count
 E = Non-spawn monster count
 F = Spawn count percentage of total count
 G = Total turns spent on level
                    A         B        C        D         E        F      G
               +---------+---------+-------+---------+---------+-------+---------
         Total |       0 |      32 |   0.0 |       0 |      13 |   0.0 |   501
               +---------+---------+-------+---------+---------+-------+---------
           D:1 |       0 |       3 |   0.0 |       0 |       2 |   0.0 |   173
           D:2 |       0 |       7 |   0.0 |       0 |       4 |   0.0 |   120
           D:3 |       0 |      22 |   0.0 |       0 |       7 |   0.0 |   145
               +---------+---------+-------+---------+---------+-------+---------
